 Dungeon Crawl Stone Soup version 0.17-a0-1951-g62301d3 (webtiles) character file.

363648 magipi the Hand of Fortune (level 21, -3/119 HPs)
             Began as a Spriggan Assassin on Sept 7, 2015.
             Was the Champion of Nemelex Xobeh.
             Slain by a golden dragon (10 damage)
             ... on level 5 of the Depths on Oct 2, 2015.
             The game lasted 10:19:40 (91361 turns).

magipi the Hand of Fortune (Spriggan Assassin)     Turns: 91361, Time: 10:19:41

Health: -3/119     AC: 24    Str: 13    XL:     21   Next: 85%
Magic:  36/36      EV: 22    Int: 14    God:    Nemelex Xobeh [******]
Gold:   1240       SH:  0    Dex: 20    Spells: 3 memorised, 30 levels left

rFire  + . .     SeeInvis +     a - +6 demon blade (slice)
rCold  + . .     Clarity  .     G - +3 storm dragon armour
rNeg   . . .     SustAt   .     (shield restricted)
rPois  +         Gourm    .     U - +2 hat
rElec  +         Spirit   .     J - +2 cloak {rPois}
rCorr  .         Warding  .     (gloves unavailable)
rMut   .         Stasis   .     (boots unavailable)
MR     +++..                    r - amulet of regeneration
Stlth  ++++......               c - ring of protection from cold
                                F - ring of protection from fire

@: repel missiles, very quick, extremely resistant to hostile enchantments,
stealthy
A: unfitting armour, see invisible, herbivore 3, speed 3, slow metabolism 2
a: Triple Draw, Deal Four, Stack Five, Renounce Religion
}: 1/15 runes: gossamer


You were on level 5 of the Depths.
You worshipped Nemelex Xobeh.
Nemelex Xobeh was exalted by your worship.
You were full.

You visited 10 branches of the dungeon, and saw 49 of its levels.
You visited 1 bazaar.
You also visited: Labyrinth, Ossuary and Ice Cave.

You collected 5404 gold pieces.
You spent 3044 gold pieces at shops.

Notes
Turn   | Place    | Note
--------------------------------------------------------------
     0 | D:1      | magipi the Spriggan Assassin began the quest for the Orb.
     0 | D:1      | Reached XP level 1. HP: 10/10 MP: 2/2
    80 | D:1      | Reached skill level 6 in Stealth
   254 | D:1      | Reached XP level 2. HP: 14/14 MP: 3/3
   841 | D:2      | Noticed Ijyb
   851 | D:2      | Reached XP level 3. HP: 18/18 MP: 4/4
   967 | D:3      | Reached skill level 7 in Stealth
   971 | D:3      | Found a faded altar to an unknown god.
  1260 | D:2      | Found a shattered altar of Ashenzari.
  1445 | D:3      | Reached XP level 4. HP: 22/22 MP: 5/5
  2020 | D:4      | Noticed Blork the orc
  2204 | D:4      | Reached skill level 5 in Short Blades
  2214 | D:4      | Reached XP level 5. HP: 25/25 MP: 6/6
  2381 | D:4      | Noticed a phantom
  2399 | D:5      | Entered Level 5 of the Dungeon
  2476 | D:4      | Noticed a phantom
  2505 | D:5      | Noticed ololoev's ghost (experienced DrSk)
  2903 | D:5      | Found a basalt altar of Yredelemnul.
  2906 | D:5      | Noticed a phantom
  2917 | D:5      | Noticed a centaur
  2919 | D:5      | Killed a centaur
  2919 | D:5      | Reached XP level 6. HP: 30/30 MP: 7/7
  2959 | D:5      | Noticed a sky beast
  2966 | D:5      | Killed a sky beast
  3025 | D:5      | Found a staircase to the Ecumenical Temple.
  3135 | Temple   | Entered the Ecumenical Temple
  3186 | Temple   | Became a worshipper of Nemelex Xobeh the Trickster
  3404 | D:5      | Received a gift from Nemelex Xobeh
  3646 | D:5      | Noticed a sky beast
  3768 | D:6      | Found a snail-covered altar of Cheibriados.
  3769 | D:6      | Noticed Sigmund
  3790 | D:6      | Killed Sigmund
  3790 | D:6      | Reached skill level 8 in Short Blades
  3790 | D:6      | Reached XP level 7. HP: 20/33 MP: 8/8
  3985 | D:6      | Found a radiant altar of Vehumet.
  4237 | D:6      | Noticed nago's ghost (experienced FeEn)
  4297 | D:7      | Reached skill level 9 in Short Blades
  4574 | D:7      | Found a sand-covered staircase.
  4581 | Ossuary  | Entered an ossuary
  6254 | Ossuary  | Reached XP level 8. HP: 37/37 MP: 9/9
  6557 | D:7      | Reached skill level 10 in Short Blades
  7005 | D:7      | Received a gift from Nemelex Xobeh
  7015 | D:7      | Found a shimmering altar of Xom.
  7460 | D:7      | Reached skill level 5 in Dodging
  7501 | D:7      | Found a glowing golden altar of the Shining One.
  7504 | D:7      | Found a white marble altar of Elyvilon.
  7505 | D:7      | Found a glowing silver altar of Zin.
  7594 | D:8      | Noticed Maurice
  7940 | D:8      | Noticed Erica
  8266 | D:7      | Killed Maurice
  8266 | D:7      | Reached XP level 9. HP: 44/46 MP: 10/10
  8875 | D:8      | Found a white marble altar of Elyvilon.
  8919 | D:8      | Killed Erica
  8919 | D:8      | Reached skill level 5 in Fighting
 10399 | D:9      | Reached skill level 10 in Dodging
 10630 | D:9      | Received a gift from Nemelex Xobeh
 10638 | D:9      | Found a sacrificial altar of Ru.
 10812 | D:9      | Reached XP level 10. HP: 53/53 MP: 11/11
 10900 | D:9      | Found a burning altar of Makhleb.
 11564 | D:10     | Entered Level 10 of the Dungeon
 11566 | D:10     | Noticed a hill giant
 11692 | D:10     | Killed a hill giant
 11854 | D:10     | Noticed a hill giant
 11946 | D:10     | Killed a hill giant
 11946 | D:10     | Reached skill level 5 in Throwing
 12320 | D:11     | Found a labyrinth entrance.
 12321 | D:11     | Received a gift from Nemelex Xobeh
 12326 | D:11     | Noticed a hill giant
 12331 | Lab      | Entered a labyrinth
 12439 | Lab      | Noticed a minotaur
 12515 | Lab      | Killed a minotaur
 12515 | Lab      | Reached skill level 1 in Long Blades
 12515 | Lab      | Reached skill level 10 in Stealth
 12534 | Lab      | Got an ancient ring mail
 12540 | Lab      | Identified a +4 rod of shadows (11/11) (You took it off a minotaur in a labyrinth)
 12541 | Lab      | Identified a +4 rod of clouds (11/11) (You found it in a labyrinth)
 12561 | D:11     | Found a sacrificial altar of Ru.
 12918 | D:12     | Killed a hill giant
 12918 | D:12     | Reached XP level 11. HP: 47/60 MP: 12/12
 12953 | D:12     | Noticed a hill giant
 12960 | D:12     | Killed a hill giant
 13010 | D:12     | Acquired Nemelex Xobeh's first power
 13095 | D:12     | Reached skill level 1 in Evocations
 13154 | D:12     | Received a gift from Nemelex Xobeh
 14367 | D:11     | Reached skill level 5 in Evocations
 14709 | D:11     | Noticed a hill giant
 14734 | D:11     | Killed a hill giant
 14958 | D:11     | Found a staircase to the Orcish Mines.
 15058 | D:11     | Found a staircase to the Lair.
 15101 | Lair:1   | Entered Level 1 of the Lair of Beasts
 15448 | Lair:1   | Noticed kroki's ghost (experienced DrBe)
 15494 | Lair:1   | Received a gift from Nemelex Xobeh
 15794 | Lair:2   | Reached skill level 10 in Evocations
 16108 | Lair:1   | Acquired Nemelex Xobeh's second power
 16113 | Lair:1   | Received a gift from Nemelex Xobeh
 16623 | Lair:2   | Noticed a six-headed hydra
 16633 | Lair:2   | Killed a six-headed hydra
 16633 | Lair:2   | Reached skill level 11 in Evocations
 16655 | Lair:2   | Noticed Sonja
 16700 | Lair:2   | Received a gift from Nemelex Xobeh
 16720 | Lair:2   | Killed Sonja
 16720 | Lair:2   | Reached XP level 12. HP: 64/64 MP: 21/21
 17317 | Lair:3   | Received a gift from Nemelex Xobeh
 17410 | Lair:3   | Acquired Nemelex Xobeh's third power
 17410 | Lair:3   | Received a gift from Nemelex Xobeh
 17610 | Lair:3   | Reached skill level 12 in Evocations
 17856 | Lair:3   | Received a gift from Nemelex Xobeh
 18380 | Lair:4   | Found a frozen archway.
 18559 | IceCv    | Entered an ice cave
 18564 | IceCv    | Reached skill level 13 in Evocations
 19909 | IceCv    | Reached skill level 14 in Evocations
 20374 | IceCv    | Reached skill level 15 in Evocations
 20522 | IceCv    | Received a gift from Nemelex Xobeh
 20584 | IceCv    | Noticed a white draconian
 20588 | IceCv    | Killed a white draconian
 20588 | IceCv    | Reached skill level 16 in Evocations
 20761 | IceCv    | Identified the Volume of Unholy Magic and Clay
 20953 | Lair:4   | Reached XP level 13. HP: 64/68 MP: 26/26
 21132 | Lair:4   | Received a gift from Nemelex Xobeh
 21226 | Lair:4   | Reached skill level 17 in Evocations
 22261 | Lair:5   | Received a gift from Nemelex Xobeh
 22405 | Lair:5   | Found a staircase to the Swamp.
 22924 | Lair:3   | Identified a scroll of acquirement
 23100 | Lair:5   | Received a gift from Nemelex Xobeh
 23172 | Lair:5   | Reached skill level 1 in Armour
 24162 | Lair:6   | Received a gift from Nemelex Xobeh
 24724 | Lair:7   | Received a gift from Nemelex Xobeh
 25085 | Lair:7   | Noticed Rupert
 25108 | Lair:7   | Received a gift from Nemelex Xobeh
 25342 | Lair:7   | Received a gift from Nemelex Xobeh
 25712 | Orc:1    | Entered Level 1 of the Orcish Mines
 25880 | Orc:1    | Reached skill level 5 in Armour
 26281 | Orc:2    | Received a gift from Nemelex Xobeh
 26451 | Orc:2    | Noticed kroki's ghost (powerful CeBe)
 26720 | Orc:3    | Received a gift from Nemelex Xobeh
 26739 | Orc:3    | Noticed a stone giant
 26759 | Orc:4    | Entered Level 4 of the Orcish Mines
 26861 | Orc:4    | Found a roughly hewn altar of Beogh.
 27262 | Orc:4    | Found Vogeifue's Antique Weapon Emporium.
 27269 | Orc:4    | Bought a translucent blowgun for 180 gold pieces
 27269 | Orc:4    | Bought a runed demon blade for 360 gold pieces
 27296 | Orc:4    | Identified the +8 blowgun "Wuap Rei" {evade, rPois SInv} (You bought it in a shop on level 4 of the Orcish Mines)
 28122 | Orc:4    | Found a roughly hewn altar of Beogh.
 28211 | Orc:4    | Found a roughly hewn altar of Beogh.
 28226 | Orc:4    | Received a gift from Nemelex Xobeh
 28577 | Orc:4    | Noticed Azrael
 28583 | Orc:4    | Found a staircase to the Elven Halls.
 28912 | Orc:4    | Noticed Snorg
 28999 | Orc:4    | Killed Snorg
 29182 | Orc:4    | Found a roughly hewn altar of Beogh.
 29311 | Orc:4    | Found Totwemp's Food Boutique.
 29780 | Orc:4    | Bought a bread ration for 65 gold pieces
 29780 | Orc:4    | Bought a bread ration for 65 gold pieces
 29780 | Orc:4    | Bought a bread ration for 65 gold pieces
 30227 | Orc:4    | Noticed Saint Roka
 30545 | Orc:4    | Reached XP level 14. HP: 51/75 MP: 27/27
 30823 | Orc:4    | Reached skill level 5 in Long Blades
 31344 | Orc:4    | Killed Saint Roka
 31379 | Orc:4    | Found Onuroocs's Antique Weapon Shop.
 31380 | Orc:4    | Found a roughly hewn altar of Beogh.
 31382 | Orc:4    | Found Gamaufeng's Antique Armour Boutique.
 31923 | Lair:8   | Entered Level 8 of the Lair of Beasts
 32494 | Lair:8   | Received a gift from Nemelex Xobeh
 34595 | D:13     | Received a gift from Nemelex Xobeh
 34595 | D:13     | Received a gift from Nemelex Xobeh
 35077 | D:13     | Noticed Maud
 35163 | D:13     | Killed Maud
 35794 | D:13     | Found Doepup's Armour Emporium.
 35797 | D:13     | Noticed Nessos
 35905 | D:13     | Killed Nessos
 35918 | D:13     | Reached XP level 15. HP: 40/79 MP: 28/28
 36188 | D:13     | Received a gift from Nemelex Xobeh
 36714 | D:13     | Noticed a tengu reaver
 37320 | D:14     | Found a gate to the Vaults.
 37413 | D:14     | Found a portal to a secret trove of treasure.
 38409 | D:15     | Entered Level 15 of the Dungeon
 38565 | D:15     | Received a gift from Nemelex Xobeh
 39829 | D:8      | Noticed a slime creature
 39843 | D:8      | Killed a slime creature
 39849 | D:8      | Noticed an efreet
 39850 | D:8      | Noticed a kobold demonologist
 39856 | D:8      | Killed a kobold demonologist
 39876 | D:8      | Killed an efreet
 40175 | D:4      | Killed a phantom
 40334 | D:2      | Killed Ijyb
 40486 | D:4      | Killed Blork the orc
 40759 | D:5      | Killed a phantom
 40954 | D:5      | Received a gift from Nemelex Xobeh
 40989 | D:5      | Killed a sky beast
 41026 | D:5      | Killed ololoev's ghost
 41146 | D:6      | Found Reviaxigh's Distillery.
 41152 | D:6      | Bought a potion of curing for 45 gold pieces
 41152 | D:6      | Bought a potion of heal wounds for 75 gold pieces
 41152 | D:6      | Bought a potion of agility for 60 gold pieces
 41156 | D:6      | You fall through a shaft!
 41374 | D:6      | Killed nago's ghost
 41428 | D:6      | Noticed Grinder
 41430 | D:6      | Killed Grinder
 41781 | Lair:5   | Found a hole to the Spider Nest.
 41911 | Spider:1 | Entered Level 1 of the Spider Nest
 42920 | Spider:1 | Received a gift from Nemelex Xobeh
 43799 | Spider:2 | Reached skill level 10 in Fighting
 45496 | Spider:2 | Reached XP level 16. HP: 57/85 MP: 29/29
 45730 | Spider:3 | Received a gift from Nemelex Xobeh
 46350 | Spider:3 | Received a gift from Nemelex Xobeh
 47488 | Spider:4 | Entered Level 4 of the Spider Nest
 48248 | Spider:4 | Received a gift from Nemelex Xobeh
 51137 | Spider:4 | Reached skill level 10 in Armour
 51429 | Spider:4 | Got a gossamer rune of Zot
 51735 | Swamp:1  | Entered Level 1 of the Swamp
 51736 | Swamp:1  | Received a gift from Nemelex Xobeh
 51826 | Swamp:2  | Received a gift from Nemelex Xobeh
 52690 | Swamp:2  | Noticed Frances
 52883 | Swamp:1  | Received a gift from Nemelex Xobeh
 52977 | Swamp:1  | Reached XP level 17. HP: 57/93 MP: 30/30
 53651 | Swamp:3  | Received a gift from Nemelex Xobeh
 53707 | Swamp:3  | Upgraded the game from 0.17-a0-1769-g54adf96 to 0.17-a0-1778-gd369669
 54159 | Swamp:4  | Entered Level 4 of the Swamp
 54775 | Swamp:2  | Noticed Louise
 55321 | Swamp:1  | Received a gift from Nemelex Xobeh
 55512 | Lair:7   | Noticed Kirke
 55590 | Lair:7   | Found a viscous altar of Jiyva.
 55590 | Lair:7   | Found a staircase to the Slime Pits.
 55674 | Lair:7   | Killed Kirke
 56758 | Vaults:1 | Entered Level 1 of the Vaults
 57749 | Vaults:1 | Received a gift from Nemelex Xobeh
 59457 | Vaults:1 | Reached skill level 10 in Long Blades
 59856 | Vaults:1 | Hired Ikhliguti the monstrous demonspawn for 982 gold.
 59947 | Vaults:1 | Received a gift from Nemelex Xobeh
 60607 | Vaults:1 | Your ally Ikhliguti died
 62677 | Vaults:2 | Received a gift from Nemelex Xobeh
 62991 | Vaults:2 | Noticed Nikola
 63136 | Vaults:2 | Reached XP level 18. HP: 87/98 MP: 31/31
 63199 | Vaults:2 | Killed Nikola
 63860 | Vaults:2 | Received a gift from Nemelex Xobeh
 64813 | Vaults:2 | Found a staircase to the Crypt.
 64862 | Vaults:2 | Reached skill level 15 in Dodging
 65421 | Vaults:3 | Received a gift from Nemelex Xobeh
 66760 | Vaults:3 | Found Zuizulyo's Armour Shoppe.
 67012 | Vaults:3 | Bought the +2 cloak of Indomitability {MR+ Str+3} for 634 gold pieces
 67039 | Vaults:3 | Noticed Frederick
 68237 | D:15     | Received a gift from Nemelex Xobeh
 68522 | D:15     | Found a staircase to the Depths.
 68747 | Depths:1 | Entered Level 1 of the Depths
 68850 | Depths:1 | Received a gift from Nemelex Xobeh
 70090 | Depths:1 | Identified a +0 rod of ignition (12/12) (You found it on level 1 of the Depths)
 70175 | Depths:1 | Received a gift from Nemelex Xobeh
 70189 | Depths:1 | Reached XP level 19. HP: 97/105 MP: 32/32
 70804 | Depths:1 | Received a gift from Nemelex Xobeh
 71563 | Depths:2 | Noticed a golden dragon
 71563 | Depths:2 | Noticed a golden dragon
 72061 | Depths:2 | Noticed a caustic shrike
 72074 | Depths:2 | a caustic shrike changed into an acid blob
 73615 | Depths:2 | Found a gateway to Hell.
 73935 | Depths:2 | Received a gift from Nemelex Xobeh
 74219 | Depths:2 | Reached skill level 18 in Evocations
 74954 | Vaults:1 | Upgraded the game from 0.17-a0-1778-gd369669 to 0.17-a0-1840-g87820a2
 75165 | Orc:2    | Noticed Fannar
 75206 | Orc:2    | Noticed Fannar
 75206 | Orc:2    | Fannar changed into Fannar the hog
 75210 | Orc:2    | Killed Fannar the hog
 75341 | Orc:1    | Found Duppimy's Jewellery Boutique.
 75458 | Orc:2    | Found an iron altar of Okawaru.
 75573 | Orc:3    | Noticed Josephine
 75627 | Orc:3    | Killed Josephine
 75718 | Orc:3    | Received a gift from Nemelex Xobeh
 75841 | Orc:3    | Killed a stone giant
 76051 | Elf:1    | Entered Level 1 of the Elven Halls
 76086 | Elf:1    | Found a radiant altar of Vehumet.
 76157 | Elf:1    | Noticed nht's ghost (mighty MiBe)
 77798 | Elf:2    | Found a flickering gateway to a bazaar.
 77799 | Elf:2    | Received a gift from Nemelex Xobeh
 78046 | Bazaar   | Entered a bazaar
 78046 | Bazaar   | Found Emaepn's Distillery.
 78046 | Bazaar   | Found Xoygukk's Assorted Antiques.
 78050 | Bazaar   | Found Qicwomu's Antique Armour Emporium.
 78064 | Bazaar   | Found Okka's Distillery.
 78074 | Bazaar   | Bought a potion of curing for 30 gold pieces
 78074 | Bazaar   | Bought a potion of heal wounds for 50 gold pieces
 78074 | Bazaar   | Bought a potion of curing for 30 gold pieces
 78074 | Bazaar   | Bought a potion of haste for 100 gold pieces
 78074 | Bazaar   | Bought a potion of haste for 100 gold pieces
 78078 | Bazaar   | Bought a potion of heal wounds for 35 gold pieces
 78078 | Bazaar   | Bought a potion of curing for 21 gold pieces
 78078 | Bazaar   | Bought a potion of curing for 21 gold pieces
 78078 | Bazaar   | Bought a potion of agility for 28 gold pieces
 78078 | Bazaar   | Bought a potion of might for 28 gold pieces
 78088 | Bazaar   | Bought a brightly glowing cloak for 199 gold pieces
 78088 | Bazaar   | Identified the cursed +0 cloak of Muage {-Cast +Inv rCorr Str-2} (You bought it in a shop in a bazaar)
 78093 | Bazaar   | Bought an opal ring for 90 gold pieces
 78093 | Bazaar   | Bought a dented steel amulet for 90 gold pieces
 78098 | Bazaar   | Bought a paperback book for 270 gold pieces
 78098 | Bazaar   | Bought a scroll of identify for 36 gold pieces
 78098 | Bazaar   | Bought a scroll of fog for 36 gold pieces
 78098 | Bazaar   | Bought a scroll of recharging for 171 gold pieces
 78098 | Bazaar   | Bought a scroll of magic mapping for 63 gold pieces
 78098 | Bazaar   | Bought a scroll of magic mapping for 63 gold pieces
 78346 | Elf:3    | Entered Level 3 of the Elven Halls
 78346 | Elf:3    | Noticed nago's ghost (mighty CeTm)
 78648 | Elf:3    | Reached skill level 19 in Evocations
 78654 | Elf:3    | Found Fetap's Antique Armour Shoppe.
 79229 | Elf:3    | Reached XP level 20. HP: 112/112 MP: 34/34
 79370 | Elf:3    | Reached skill level 15 in Fighting
 79778 | Elf:3    | Received a gift from Nemelex Xobeh
 80039 | Elf:3    | Identified the Papyrus of Dislocation (You found it on level 3 of the Elven Halls)
 80052 | Elf:3    | Identified the Guide on the Destructive Frostbite
 80067 | Elf:3    | Identified the Papyrus of Torrid Protection
 80436 | Elf:3    | Bought a glowing robe for 17 gold pieces
 80436 | Elf:3    | Bought an embroidered robe for 17 gold pieces
 80627 | Elf:3    | Received a gift from Nemelex Xobeh
 81236 | Elf:3    | Learned a level 2 spell: Repel Missiles
 81245 | Elf:3    | Learned a level 1 spell: Apportation
 81746 | Crypt:1  | Entered Level 1 of the Crypt
 81933 | Depths:1 | Reached skill level 1 in Charms
 81933 | Depths:1 | Reached skill level 1 in Translocations
 82065 | Depths:2 | Noticed a golden dragon
 82065 | Depths:2 | an acid blob changed into a golden dragon
 82129 | Depths:2 | Reached skill level 1 in Spellcasting
 82152 | Depths:2 | Reached skill level 1 in Air Magic
 83045 | Depths:2 | Reached skill level 20 in Evocations
 83820 | Depths:2 | Noticed a juggernaut
 84486 | Depths:3 | Found a one-way gate leading to the halls of Pandemonium.
 84817 | Depths:3 | Reached skill level 5 in Charms
 84870 | Depths:3 | Reached skill level 5 in Translocations
 86334 | Depths:4 | Received a gift from Nemelex Xobeh
 86343 | Depths:4 | Reached skill level 5 in Air Magic
 86592 | Depths:4 | Found a one-way gate to the infinite horrors of the Abyss.
 87053 | Depths:4 | Found a gateway to a ziggurat.
 87109 | Depths:4 | Reached XP level 21. HP: 47/117 MP: 36/36
 88553 | Depths:3 | Received a gift from Nemelex Xobeh
 88570 | Depths:3 | Found a gateway to a bazaar.
 88743 | Depths:3 | Upgraded the game from 0.17-a0-1840-g87820a2 to 0.17-a0-1842-gacc33f2
 88743 | Depths:3 | Upgraded the game from 0.17-a0-1842-gacc33f2 to 0.17-a0-1923-gc35365e
 88978 | Depths:3 | Noticed a juggernaut
 88978 | Depths:3 | a titan changed into a juggernaut
 88987 | Depths:3 | a juggernaut changed into a storm dragon
 89248 | Depths:3 | Noticed an ancient lich
 89293 | Depths:3 | Killed an ancient lich
 89659 | Depths:3 | Learned a level 2 spell: Blink
 90134 | Depths:3 | Reached skill level 5 in Spellcasting
 90224 | Depths:3 | Upgraded the game from 0.17-a0-1923-gc35365e to 0.17-a0-1951-g62301d3
 90395 | Depths:4 | Noticed a golden dragon
 90459 | Depths:4 | Killed a golden dragon
 90513 | Depths:3 | Reached skill level 10 in Translocations
 90897 | Depths:5 | Entered Level 5 of the Depths
 91361 | Depths:5 | Slain by a golden dragon

Inventory:

Hand weapons
 a - a +6 demon blade of slicing (weapon)
 b - a +5 rapier of electrocution
 d - the +8 blowgun "Wuap Rei" {evade, rPois SInv}
   (You bought it in a shop on level 4 of the Orcish Mines)

   It affects your evasion (+5 to EV).
   It protects you from poison.
   It lets you see invisible.
Missiles
 e - 59 poisoned needles
 Q - a throwing net (quivered)
 T - 18 curare-tipped needles
Armour
 m - a +2 robe of fire resistance
 n - the +2 cloak of Indomitability {MR+ Str+3}
   (You bought it in a shop on level 3 of the Vaults)

   It affects your strength (+3).
   It affects your resistance to hostile enchantments.
 G - a +3 storm dragon armour (worn)
 J - a +2 cloak of poison resistance (worn)
 U - a +2 hat (worn)
Rods
 X - a +4 rod of clouds (11/11)
   (You found it in a labyrinth)
Jewellery
 c - a ring of protection from cold (right hand)
 f - an uncursed ring of protection from fire
 j - an uncursed amulet of clarity
 k - an uncursed amulet of resist corrosion
 r - an amulet of regeneration (around neck)
 t - an uncursed ring of teleportation
 F - a ring of protection from fire (left hand)
 K - an uncursed amulet of warding
Magical devices
 w - a wand of polymorph (11)
 x - a wand of digging (11)
 y - a wand of disintegration (4)
 C - a wand of teleportation (2)
 R - a wand of cold (7)
Scrolls
 l - 4 scrolls of fog
 s - a scroll of blinking
 u - 29 scrolls of remove curse
 v - 3 scrolls of silence
 D - 5 scrolls of fear
 H - 2 scrolls of summoning
 M - a scroll of recharging
 W - 4 scrolls of magic mapping
 Y - 11 scrolls of identify
Potions
 i - 9 potions of flight
 o - 7 potions of haste
 p - 8 potions of agility
 z - 3 potions of curing
 A - 7 potions of might
 E - 5 potions of berserk rage
 I - 4 potions of resistance
 L - 3 potions of cancellation
Books
 Z - a book of Spatial Translocations

   Spells                             Type                      Level
   a - Apportation                    Translocation                1
   b - Blink                          Translocation                2
   c - Shroud of Golubria             Charms/Translocation         2
   d - Portal Projectile              Translocation                3
   e - Teleport Other                 Translocation                3
   f - Passage of Golubria            Translocation                4
Miscellaneous
 h - an ornate deck of war {drawn: 3}
 q - a legendary deck of escape {drawn: 3}
 B - a legendary deck of escape {drawn: 6}
 P - a legendary deck of escape
 V - a phantom mirror
Comestibles
 g - 20 bread rations


   Skills:
 - Level 16.1 Fighting
 - Level 14.2(16.8) Short Blades
 - Level 12.4(14.0) Long Blades
 - Level 5.5 Throwing
 - Level 12.0 Armour
 - Level 16.5 Dodging
 - Level 14.1 Stealth
 + Level 7.6 Spellcasting
 - Level 8.0 Charms
 + Level 10.8 Translocations
 - Level 7.0 Air Magic
 - Level 20.0 Evocations


You had 30 spell levels left.
You knew the following spells:

 Your Spells              Type           Power        Failure   Level  Hunger
a - Apportation           Tloc           #####.....   2%          1    None
b - Blink                 Tloc           N/A          3%          2    None
m - Repel Missiles        Chrm/Air       ####..       17%         2    None


Dungeon Overview and Level Annotations

Branches:
Dungeon (15/15)            Temple (1/1) D:5            Lair (8/8) D:11
  Swamp (4/4) Lair:5       Spider (4/4) Lair:5        Slime (0/6) Lair:7
    Orc (4/4) D:11            Elf (3/3) Orc:4        Vaults (4/5) D:14
  Crypt (1/3) Vaults:2     Depths (5/5) D:15
    Zot: Depths:5

Altars:
Ashenzari
Cheibriados
Dithmenos
Elyvilon
Fedhas
Kikubaaqudgha
Makhleb
Nemelex Xobeh
Okawaru
Qazlal
Ru
Trog
Vehumet
Xom
Yredelemnul
Zin
The Shining One
Beogh
Jiyva

Shops:
D:6 !   D:13 [   Orc:1 =   Orc:4 %([(   Elf:3 [   Vaults:3 [

Portals:
Hell: Depths:2 Depths:3 Depths:4 Depths:5
Abyss: Depths:4
Pandemonium: Depths:3
Ziggurat: Depths:4
Bazaar: Depths:3
Trove: D:14 (give +5 fire dragon armour)

Annotations:
Lair:1 kroki's ghost, experienced DrBe
Lair:7 Kirke, Rupert
Swamp:2 Frances; Louise
Orc:2 kroki's ghost, powerful CeBe
Orc:4 Azrael
Elf:1 nht's ghost, mighty MiBe
Elf:2 exclusions: ice statue and obsidian statue, nht's ghost, mighty MiBe
Elf:3 nago's ghost, mighty CeTm
Vaults:3 Frederick


Innate Abilities, Weirdness & Mutations

You are tiny and cannot use many weapons and most armour.
You have supernaturally acute eyesight.
You are a herbivore.
You cover ground extremely quickly.
You need consume almost no food.

Vault maps used:
D:1:      dpeg_arrival_boxes_within_box
D:2:      lemuel_round_altar, uniq_iyjb
D:3:      ecumenical_altar_2
D:4:      first_bread, minmay_misc_feat_chi, uniq_blork_the_orc
D:5:      minmay_temple_entry_grid, basic_altar
D:6:      lemuel_crystal_altar, lemuel_crystal_altar, serial_shops, shop,
          uniq_sigmund, uniq_grinder
D:7:      nicolae_whirlpool, good_gods_temple_1, grunt_temple_overflow_diamond,
          lemuel_round_altar, nicolae_ossuary_entry_monument
D:8:      basic_altar, minmay_pinched_square, uniq_maurice, uniq_erica
D:9:      nicolae_overflow_hidden_temple, nicolae_ru_great_annihilating_truth
D:10:     hangedman_fish_farm
D:11:     grunt_lair_entry_elf_guard_hut, hiddenorc2_lemuel, basic_altar,
          lab_entry_generic
D:12:     st_stairs_14
D:13:     minmay_containers, serial_shops, shop, uniq_nessos, uniq_maud
D:14:     lightli_vaults_fourway_checkpoint, nicolae_trove_entry_columns,
          kennysheep_nondescript, lemuel_flamethrower_3
D:15:     grunt_enter_depths_hoard, corexii_hall_statues_i
Temple:   temple_island_7
Lair:1:   grunt_megastairs_4, lemuel_fruit_fields, lemuel_fruit_fields,
          lemuel_fruit_tree, serial_bayou_shore_b
Lair:2:   gammafunk_lair_bear_cave, infiniplex_staircase_pool_2, uniq_sonja
Lair:4:   lemuel_ratsnest, portal_ice_cave_entry_imps
Lair:5:   minmay_swamp_entry_worms, spider_nest_entry_funnel_web
Lair:6:   serial_bayou_shore_b
Lair:7:   dpeg_slime_entry_enclosed_altar, uniq_rupert, uniq_kirke
Lair:8:   grunt_lair_end_beastmaster
Swamp:1:  hangedman_swamp_ruin_wall
Swamp:2:  evilmike_swamp_ruin_house_2, uniq_louise, uniq_frances
Swamp:3:  basic_altar, uniq_jorgrun
Swamp:4:  swamp_alternative, uniq_aizul
Spider:4: spider_rune_water, nicolae_spider_shape
Orc:1:    serial_shops, shop, lightli_orcish_oven
Orc:2:    okawaru_metal_pillars_1_2, uniq_fannar
Orc:3:    nicolae_orc_pool_cavern, uniq_josephine
Orc:4:    grunt_orc_community_town_hall, grunt_orc_community_big_house_2,
          grunt_orc_community_big_house_2, grunt_orc_community_house_1,
          grunt_orc_community_house_2, grunt_orc_community_house_2,
          grunt_orc_community_house_2, grunt_orc_community_house_2, uniq_azrael,
          uniq_snorg
Elf:1:    eino_elf_arrival_altar, minivault_28
Elf:2:    serial_shops, bzr_entry_gold, grunt_ministairs_8, david_greed
Elf:3:    minmay_elf_hall_dome, serial_shops, shop
Vaults:1: ontoclasm_vaults_fire_temple, ontoclasm_vaults_ligature, v_rooms_6,
          v_rooms_2, hangedman_vaults_hat, v_alt_pattern_4, v_misc_23,
          vaults_room_fancy_cross, v_misc_9, v_pattern_1, ontoclasm_vaults_chip,
          nicolae_vaults_little_squares_6
Vaults:2: minmay_crypt_entry_simple_round, v_misc_1, vaults_dpeg_doors,
          vaults_mumra_chevron, v_misc_19, v_misc_4, v_misc_8, uniq_nikola
Vaults:3: vaults_room_mumra_shop_pool, vaults_room_large_hall,
          nicolae_vaults_stairing_the_circle,
          hangedman_vaults_stretched_pinwheel, nicolae_vaults_little_squares_4,
          hangedman_vaults_trim, v_misc_29, ontoclasm_vaults_pinch,
          nicolae_vaults_little_squares_2, stair_cage_open,
          vaults_room_door_ring, nicolae_vaults_diagonal_hallway_9,
          hangedman_vaults_snaps, nicolae_vaults_circle_grid_a, uniq_frederick
Vaults:4: hangedman_vaults_maws, v_rooms_1, hangedman_vaults_stream,
          nicolae_vaults_little_squares_3, ontoclasm_vaults_eye, st_cells,
          hangedman_vaults_stagger, hangedman_vaults_maws,
          nicolae_vaults_little_squares_1, ontoclasm_vaults_ring_small,
          vaults_room_large_hall, nicolae_vaults_little_squares_1,
          ontoclasm_vaults_bender, vaults_dpeg_encased_lava,
          nicolae_vaults_diagonal_hallway_9, vaults_room_pool
Crypt:1:  grunt_deathspiral_small, weyrava_vampire_temple
Depths:1: lightli_too_deep, kennysheep_crisscross,
          serial_sigils_hangedman_confine, kennysheep_generic_room_13,
          firewood_loft
Depths:2: minmay_stepped, minmay_misc_feat_five, pf_hell_entry_tar_river,
          minivault_12, infiniplex_staircase_zigzag_1
Depths:3: minmay_nested_s, grunt_pan_entry_zigzag, corexii_hall_statues_u,
          hell_entry, serial_shops, statue_bzr, minivault_16
Depths:4: kennysheep_water_balloons, enter_ziggurat_b, hangedman_geh_valley,
          small_statue_intersection, abyss_entry_crystal, minivault_16,
          infiniplex_staircase_spiral_double
Depths:5: grunt_twist_and_shout, hell_entry, nicolae_twisting_strands,
          serial_bayou_shore_b
Lab:      labyrinth_lava_lair, nicolae_lab_grate
Bazaar:   bazaar_minmay_row
Ossuary:  ossuary_due_small_catacomb
IceCv:    ice_cave_caverns_02


Message History

The bolt of cold misses you.
You slice the golden dragon!!
The golden dragon is lightly wounded.
You slice the golden dragon!!
The golden dragon is heavily wounded.
The golden dragon bites you!! The golden dragon claws you.
The golden dragon tramples you!
You hold your ground!
You hit the golden dragon but do no damage.
The golden dragon is heavily wounded.
The golden dragon bites you! The golden dragon closely misses you.
The golden dragon completely misses you.
Unknown command.
You hit the golden dragon.
The golden dragon is heavily wounded.
You hit the golden dragon but do no damage.
The golden dragon is heavily wounded.
The golden dragon bites you but does no damage.
The golden dragon claws you! The golden dragon misses you.
You slash the golden dragon!
The golden dragon is heavily wounded.
You hit the golden dragon but do no damage.
The golden dragon is heavily wounded.
The golden dragon bites you but does no damage.
The golden dragon barely misses you. The golden dragon tramples you.
You hold your ground!
Your storm dragon armour prevents you from hitting the golden dragon.
The golden dragon is heavily wounded.
The golden dragon bites you but does no damage.
The golden dragon closely misses you.
The golden dragon tramples you but does no damage.
You hit the golden dragon but do no damage.
The golden dragon is heavily wounded.
You hit the golden dragon.
The golden dragon is severely wounded.
The golden dragon breathes fire at you.
The bolt of fire is repelled.
You completely miss the golden dragon.
The golden dragon is severely wounded.
You closely miss the golden dragon.
The golden dragon is severely wounded.
The golden dragon completely misses you.
The golden dragon barely misses you.
The golden dragon tramples you but does no damage.
You hit the golden dragon.
The golden dragon is severely wounded.
The golden dragon completely misses you. x2
The golden dragon closely misses you.
You closely miss the golden dragon.
The golden dragon is severely wounded.
You hit the golden dragon.
The golden dragon is severely wounded.
The golden dragon misses you.
The golden dragon claws you but does no damage.
The golden dragon barely misses you.
You hit the golden dragon but do no damage.
The golden dragon is severely wounded.
You slash the golden dragon!
The golden dragon is severely wounded.
The golden dragon bites you!! The golden dragon closely misses you.
The golden dragon tramples you but does no damage.
Your storm dragon armour prevents you from hitting the golden dragon.
The golden dragon is severely wounded.
The golden dragon completely misses you.
The golden dragon closely misses you.
The golden dragon tramples you but does no damage.
Unknown command.
You slash the golden dragon!
The golden dragon is almost dead.
You closely miss the golden dragon.
The golden dragon is almost dead.
The golden dragon bites you!!
* * * LOW HITPOINT WARNING * * *
The golden dragon misses you. The golden dragon barely misses you.
You hit the golden dragon.
The golden dragon is almost dead.
Unknown command.
You hit the golden dragon.
The golden dragon is almost dead.
The golden dragon bites you.
* * * LOW HITPOINT WARNING * * *
The golden dragon claws you!
* * * LOW HITPOINT WARNING * * *
The golden dragon tramples you.
* * * LOW HITPOINT WARNING * * *
You hold your ground!
Drink which item? (? for menu, Esc to quit)
Okay, then.
Unknown command.
Evoke which item? (* to show all) (? for menu, Esc to quit)
Okay, then.
Drink which item? (? for menu, Esc to quit)
Okay, then.
Search for what [Enter for "misc", or ? for help]? heal Can't find anything matching that.
Drink which item? (? for menu, Esc to quit)
You feel better. The golden dragon bites you!
* * * LOW HITPOINT WARNING * * *
The golden dragon claws you!
You die...
Your body glows with a rainbow of weird colours and disappears.

## #.# #.# #.# ..
##.# ... ##D##
...######.#@#
.∩.....D.####
........## .$......#
..#.....# ###### .
#.....##......
..'.............
.......######...$....
.......# #........


You could see a golden dragon.

Vanquished Creatures
  An ancient lich (Depths:3)
  Saint Roka (Orc:4)
  Nikola (Vaults:2)
  4 liches
  4 sphinxes
  An octopode crusher (Depths:2)
  A sphinx (shapeshifter) (Depths:2)
  Kirke (Lair:7)
  4 fire giants
  11 frost giants
  Maud (D:13)
  4 vault wardens
  2 emperor scorpions (Spider:4)
  6 deep elf sorcerers
  A frost giant (shapeshifter) (Depths:3)
  5 ghost moths
  13 very ugly things
  3 spriggan defenders (Depths:3)
  2 ironheart preservers (Vaults:1)
  9 stone giants
  3 vampire knights
  2 deep elf demonologists (Elf:3)
  Nessos (D:13)
  9 deep elf annihilators
  4 black draconians (Depths:5)
  A dire elephant (Lair:8)
  A white draconian (IceCv)
  A mottled draconian (Depths:5)
  Snorg (Orc:4)
  A merfolk javelineer (Depths:2)
  9 ettins
  An eidolon (Vaults:2)
  11 fire dragons
  4 vault guards (D:14)
  A minotaur (Lab)
  3 deep elf death magi (Elf:3)
  7 great orbs of eyes
  Josephine (Orc:3)
  8 yaktaur captains
  2 deep elf high priests (Elf:3)
  6 entropy weavers
  7 hydras
  A great orb of eyes (shapeshifter) (Depths:3)
  6 rakshasas
  6 ice dragons
  A quicksilver dragon skeleton (Depths:2)
  Erica (D:8)
  12 centaur warriors
  2 alligators
  A catoblepas (Lair:8)
  13 deep troll shamans
  10 death yaks
  An alligator (shapeshifter) (Depths:3)
  9 ogre magi
  3 sun demons
  4 vampire magi
  5 tengu warriors
  2 spriggan berserkers (Depths:2)
  11 deep troll earth magi
  5 orc high priests
  2 large abominations
  A fire crab (Vaults:4)
  2 iron trolls
  4 wizards
  11 deep elf knights
  3 unseen horrors
  A skeletal warrior (Vaults:2)
  26 deep trolls
  A lindwurm (shapeshifter) (Depths:2)
  9 orc knights
  3 swamp dragons
  An unseen horror (shapeshifter) (Vaults:2)
  2 ice statues
  9 deep elf summoners
  10 hill giants
  5 harpies (Vaults:2)
  2 flayed ghosts
  3 orc sorcerers
  2 giant orange brains
  2 phantasmal warriors
  8 ironbrand convokers
  A golden dragon skeleton (Depths:2)
  3 necromancers
  16 deep elf conjurers
  48 ugly things
  12 orb spiders
  6 griffons
  11 elephants (Lair:8)
  A water nymph (shapeshifter) (Elf:1)
  22 wolf spiders
  10 cyclopes
  An octopode (shapeshifter) (Elf:2)
  9 hornets
  4 stone giant skeletons
  Maurice (D:7)
  2 gargoyles
  5 vault sentinels
  The ghost of ololoev the Cudgeler, an experienced DrSk (D:5)
  3 centaur zombies
  8 black mambas
  An orange demon (Depths:3)
  11 spiny frogs
  An efreet (D:8)
  5 kobold demonologists
  7 komodo dragons
  34 yaktaurs
  9 deep elf priests
  8 trolls
  2 freezing wraiths
  A tengu conjurer (Depths:4)
  3 fire drakes
  A red devil (Depths:3)
  A two-headed ogre (shapeshifter) (Vaults:1)
  10 demonic crawlers
  16 polar bears
  19 blink frogs
  A tengu simulacrum (Depths:1)
  The ghost of nago the Gouger, an experienced FeEn of Dithmenos (D:6)
  A merfolk (D:10)
  Grinder (D:6)
  30 slime creatures
  4 giant leeches
  26 jumping spiders
  15 two-headed ogres
  A wind drake (shapeshifter) (D:15)
  A stone giant simulacrum (Vaults:2)
  3 bog bodies
  4 boulder beetles
  A spriggan zombie (Depths:1)
  2 centaur simulacra
  A tarantella (shapeshifter) (Depths:2)
  5 spriggans
  15 trapdoor spiders
  31 deep elf magi
  A ynoxinul (Depths:3)
  7 water elementals (Depths:2)
  51 redbacks
  Sigmund (D:6)
  5 shadows
  35 tarantellas
  3 wraiths
  2 fire elementals (Orc:4)
  3 fire bats (Lair:5)
  3 wyverns
  5 hogs
  23 vampire mosquitoes
  A hippogriff (shapeshifter) (Elf:2)
  A steam dragon (Lair:3)
  40 yaks
  34 wolves
  5 hippogriffs
  A hungry ghost (D:10)
  A human (Lair:7)
  2 basilisks
  A soldier ant (D:13)
  21 deep elf fighters
  A mottled dragon (D:7)
  12 swamp worms
  5 wargs
  11 insubstantial wisps
  5 hell hounds (Orc:4)
  A soldier ant (shapeshifter) (D:14)
  6 black bears
  17 water moccasins
  9 wasps
  A tengu skeleton (Depths:1)
  46 orc warriors
  11 porcupines
  A swamp drake (Swamp:1)
  A black bear (shapeshifter) (Vaults:3)
  33 spiders
  2 eyes of draining
  5 phantoms
  6 sky beasts
  A tengu (Orc:4)
  22 boggarts
  16 crocodiles
  35 ogres
  15 centaurs
  5 big kobolds
  Blork the orc (D:4)
  A brain worm (D:15)
  15 giant frogs
  3 wyvern skeletons
  5 scorpions
  A scorpion (shapeshifter) (Vaults:1)
  4 jellies
  9 killer bees
  A water moccasin skeleton (D:10)
  12 wights
  4 electric eels
  3 giant frog zombies
  A giant frog skeleton (D:9)
  A quasit (Depths:3)
  6 crimson imps
  11 hounds
  6 iguanas
  30 orc priests
  Ijyb (D:2)
  2 centaur skeletons
  47 orc wizards
  13 worker ants
  8 hell rats (Lair:4)
  9 sheep
  A hound zombie (D:5)
  12 mummies (Ossuary)
  10 adders
  60 river rats
  7 shadow imps
  13 white imps
  2 giant eyeballs (Lair:4)
  2 ufetubi (Depths:3)
  An ooze (D:6)
  An adder skeleton (D:6)
  3 worms
  5 giant geckos
  234 orcs
  A ball python (D:4)
  19 bats
  5 giant cockroaches
  3 hobgoblins
  4 quokkas
  A giant newt (D:1)
  2 gnoll skeletons (Ossuary)
  5 goblins
  A goblin skeleton (Ossuary)
  6 jackals
  22 kobolds
  3 kobold skeletons (Ossuary)
  4 quokka skeletons
  26 rats
  11 rat skeletons (Ossuary)
  A fungus (Lair:6)
1967 creatures vanquished.

Vanquished Creatures (collateral kills)
  A golden dragon (Depths:4)
  2 titans (Depths:3)
  A storm dragon (Depths:3)
  A fire giant (Depths:3)
  3 emperor scorpions (Spider:4)
  A ghost moth (Spider:4)
  An ironheart preserver (Vaults:2)
  A deep elf demonologist (Vaults:1)
  A yaktaur captain (Vaults:1)
  An entropy weaver (Spider:4)
  A hydra (Swamp:2)
  An ice dragon (Depths:3)
  2 ogre magi (Vaults:1)
  A death yak (Lair:8)
  2 deep elf knights (Vaults:1)
  Sonja (Lair:2)
  2 deep trolls (Depths:3)
  A hill giant (D:12)
  2 ugly things (Vaults:1)
  2 black mambas (Lair:6)
  A hornet (Spider:4)
  A cyclops (Vaults:1)
  A vault sentinel (Vaults:1)
  A sixfirhy (Depths:3)
  2 spiny frogs
  A freezing wraith (Vaults:1)
  2 two-headed ogres
  A tormentor (Depths:3)
  2 yaktaurs (Vaults:1)
  A polar bear (Lair:2)
  A raiju (shapeshifter) (Vaults:1)
  A deep elf mage (D:12)
  A bog body (Swamp:2)
  2 blink frogs (Lair:4)
  3 deep elf fighters
  A water moccasin (Lair:6)
  A wasp (Spider:4)
  3 orc warriors
  6 ogres (Vaults:1)
  2 wights (D:11)
  An orc priest (D:11)
  An orc wizard (Vaults:2)
  5 orcs
69 creatures vanquished.

Vanquished Creatures (others)
  An eldritch tentacle (Depths:3)
  A monstrous demonspawn (Vaults:1)
  An ironbrand convoker (Vaults:1)
  A yaktaur (Depths:3)
  A polar bear (IceCv)
  A deep elf mage (Elf:3)
  2 yaks (IceCv)
  4 wolves (IceCv)
  A mummy (Ossuary)
  An orc (Vaults:1)
  An orc skeleton (Ossuary)
  57 eldritch tentacle segments (Depths:3)
  A fire vortex (Lair:5)
  41 fungi
  17 plants
131 creatures vanquished.

Grand Total: 2167 creatures vanquished

Action                   |  1- 3 |  4- 6 |  7- 9 | 10-12 | 13-15 | 16-18 | 19-21 || total
-------------------------+-------+-------+-------+-------+-------+-------+-------++-------
Melee: Dagger            |    67 |   145 |   386 |   856 |  1578 |   162 |       ||  3194
       Scimitar          |       |       |     9 |     8 |       |       |       ||    17
       Long sword        |       |       |       |   129 |       |       |       ||   129
       Double sword      |       |       |       |    65 |       |       |       ||    65
       Demon blade       |       |       |       |       |  1104 |  2163 |  1657 ||  4924
       Rapier            |       |       |       |       |       |   243 |  1407 ||  1650
 Fire: Blowgun           |     5 |    22 |    72 |   127 |   507 |   371 |     7 ||  1111
Throw: Stone             |       |       |    66 |       |       |       |       ||    66
       Tomahawk          |       |       |       |     2 |    10 |     5 |     2 ||    19
 Cast: Repel Missiles    |       |       |       |       |       |       |     5 ||     5
Invok: Triple Draw       |       |       |       |     7 |    13 |    19 |    11 ||    50
Evoke: Wand              |       |       |    11 |    25 |    23 |     8 |    60 ||   127
       Deck              |       |       |    14 |    50 |    26 |    33 |    37 ||   160
       Sack of spiders   |       |       |       |     1 |     2 |       |       ||     3
       Rod               |       |       |       |       |       |       |     9 ||     9
  Use: Scroll            |     6 |     5 |     8 |    15 |    17 |    14 |    22 ||    87
       Potion            |       |       |     3 |     1 |     6 |     8 |    17 ||    35
 Stab: Sleeping          |    15 |    10 |    25 |    24 |    73 |    28 |    14 ||   189
       Distracted        |       |     1 |       |    16 |    30 |    23 |    21 ||    91
       Invisible         |       |       |     1 |       |       |       |       ||     1
       Paralysed         |       |       |     1 |       |       |       |       ||     1
       Petrifying        |       |       |       |       |     2 |       |       ||     2
  Eat: Pizza             |       |       |     2 |     2 |     4 |       |     1 ||     9
       Bread ration      |       |       |     1 |       |     1 |     4 |     7 ||    13
       Fruit             |       |       |       |     7 |    19 |     1 |     4 ||    31

Action                   |  1- 3 |  4- 6 |  7- 9 | 10-12 | 13-15 | 16-18 | 19-21 || total
-------------------------+-------+-------+-------+-------+-------+-------+-------++-------
Melee: Dagger            |    67 |   145 |   386 |   856 |  1578 |   162 |       ||  3194
       Scimitar          |       |       |     9 |     8 |       |       |       ||    17
       Long sword        |       |       |       |   129 |       |       |       ||   129
       Double sword      |       |       |       |    65 |       |       |       ||    65
       Demon blade       |       |       |       |       |  1104 |  2163 |  1657 ||  4924
       Rapier            |       |       |       |       |       |   243 |  1407 ||  1650
 Fire: Blowgun           |     5 |    22 |    72 |   127 |   507 |   371 |     7 ||  1111
Throw: Stone             |       |       |    66 |       |       |       |       ||    66
       Tomahawk          |       |       |       |     2 |    10 |     5 |     2 ||    19
 Cast: Repel Missiles    |       |       |       |       |       |       |     5 ||     5
Invok: Triple Draw       |       |       |       |     7 |    13 |    19 |    11 ||    50
Evoke: Wand              |       |       |    11 |    25 |    23 |     8 |    60 ||   127
       Deck              |       |       |    14 |    50 |    26 |    33 |    37 ||   160
       Sack of spiders   |       |       |       |     1 |     2 |       |       ||     3
       Rod               |       |       |       |       |       |       |     9 ||     9
  Use: Scroll            |     6 |     5 |     8 |    15 |    17 |    14 |    22 ||    87
       Potion            |       |       |     3 |     1 |     6 |     8 |    17 ||    35
 Stab: Sleeping          |    15 |    10 |    25 |    24 |    73 |    28 |    14 ||   189
       Distracted        |       |     1 |       |    16 |    30 |    23 |    21 ||    91
       Invisible         |       |       |     1 |       |       |       |       ||     1
       Paralysed         |       |       |     1 |       |       |       |       ||     1
       Petrifying        |       |       |       |       |     2 |       |       ||     2
  Eat: Pizza             |       |       |     2 |     2 |     4 |       |     1 ||     9
       Bread ration      |       |       |     1 |       |     1 |     4 |     7 ||    13
       Fruit             |       |       |       |     7 |    19 |     1 |     4 ||    31
